 Dungeon Crawl Stone Soup version 0.31-a0-174-g85c54bcb58 (webtiles) character file.

Game seed: 9809065368938433738

135466 qw the Peltast (level 17, -1/108 HPs)
             Began as a Gargoyle Fighter on June 15, 2023.
             Was an Elder of Okawaru.
             Blown up by an orb spider (50 damage)
             ... with an orb of destruction
             ... on level 3 of the Spider Nest.
             The game lasted 00:13:25 (22994 turns).

qw the Peltast (Gargoyle Fighter)                  Turns: 22994, Time: 00:13:25

Health: -1/108     AC: 45    Str: 28    XL:     17   Next: 19%
Magic:  33/33      EV: 15    Int: 14    God:    Okawaru [****..]
Gold:   1290       SH: 21    Dex:  9    Spells: 16/16 levels left

rFire   . . .        Y - +5 broad axe (freeze)
rCold   + . .        u - +0 tower shield
rNeg    + . .        p - +2 plate armour {rC+}
rPois   inf          r - +2 helmet
rElec   +            B - +1 cloak {Stlth+}
rCorr   .            g - +2 pair of gloves
SInv    +            D - +1 pair of boots of Wijui {Slay+2 SInv}
Will    +....        f - amulet of regeneration Stlth
                     F - ring of Lube {MP+9 AC+4 Str+2 Int+3}
HPRegen 1.18/turn    w - +5 ring of evasion
MPRegen 0.23/turn

%: no passive effects
@: heroic, corroded, flying
A: sickness immunity, AC +12, big wings, negative energy resistance 1,
electricity resistance, torment resistance 1, petrification resistance
a: Renounce Religion, Heroism, Finesse


You were on level 3 of the Spider Nest.
You worshipped Okawaru.
Okawaru was greatly pleased with you.
You visited 5 branches of the dungeon, and saw 26 of its levels.
You also visited: Sewer and Gauntlet.

You collected 3673 gold pieces.
You spent 2383 gold pieces at shops.


Innate Abilities, Weirdness & Mutations

You are immune to sickness and miasma.
Your stone body is resilient. (AC +12)
You are immune to poison.
Your large and strong wings let you fly.
You resist negative energy. (rN+)
You are resistant to electric shocks. (rElec)
You are resistant to unholy torment.
You are immune to petrification.


   Skills:
 + Level 12.6(17.6) Fighting
 - Level 17.0(22.0) Axes
 - Level 6.5(11.5) Throwing
 - Level 12.0(17.0) Armour
 - Level 3.5(8.5) Dodging
 - Level 17.0(22.0) Shields
 - Level 10.0 Invocations


You had 16 spell levels left.
You didn't know any spells.
Your spell library was empty.

Inventory:

Hand Weapons
 E - a +2 war axe of flaming
 Y - a +5 broad axe of freezing (weapon)
Missiles
 j - 25 boomerangs
 l - a javelin
 q - 2 boomerangs of dispersal (quivered)
Armour
 g - a +2 pair of gloves (worn)
 p - a +2 plate armour of cold resistance (worn)
 r - a +2 helmet (worn)
 t - the +0 pair of boots "Razuvoost" {rPois rC+++ MP-9 SInv}
   (Okawaru gifted it to you on level 15 of the Dungeon)

   rC:        It renders you almost immune to cold.
   rPois:     It protects you from poison.
   MP:        It affects your magic capacity (-9).
   SInv:      It lets you see invisible.
 u - a +0 tower shield (worn)
 v - +0 fire dragon scales
 x - +0 acid dragon scales
 y - a +3 plate armour
 z - the +18 shield of the Gong {Loud rN+ Will+ rCorr EV-5}
   (You took it off Donald on level 3 of the Spider Nest)

   Loud:      It is deafeningly noisy when blocking attacks.
   EV:        It affects your evasion (-5).
   rN:        It protects you from negative energy.
   rCorr:     It protects you from acid and corrosion.
   Will:      It increases your willpower.
 B - a +1 cloak of stealth (worn)
 D - the +1 pair of boots of Wijui (worn) {Slay+2 SInv}
   (You found it in a Gauntlet)

   Slay:      It affects your accuracy & damage with ranged weapons and melee
   (+2).
   SInv:      It lets you see invisible.
Jewellery
 c - a ring of ice
 f - an amulet of regeneration (around neck)
 w - a +5 ring of evasion (right hand)
 C - a ring of resist corrosion
 F - the ring of Lube (left hand) {MP+9 AC+4 Str+2 Int+3}
   (You bought it in a shop on level 15 of the Dungeon)

   [ring of protection]

   AC:        It affects your AC (+4).
   Str:       It affects your strength (+2).
   Int:       It affects your intelligence (+3).
   MP:        It affects your magic capacity (+9).
 G - a ring of fire
Wands
 o - a wand of digging (15)
Scrolls
 h - 13 scrolls of identify
 n - 7 scrolls of teleportation
Potions
 a - 3 potions of mutation
 b - 2 potions of magic
 d - 2 potions of might
 e - a potion of resistance
 i - 5 potions of haste
 k - 10 potions of curing
 m - a potion of heal wounds
 s - 4 potions of attraction
 A - 6 potions of lignification

Dungeon Overview and Level Annotations

Branches:
Dungeon (15/15)            Temple (1/1) D:7            Lair (5/5) D:11
  Swamp (0/4) Lair:3       Spider (3/4) Lair:2        Slime (0/5) Lair:4
    Orc (2/2) D:12            Elf (0/3) Orc:2        Vaults (0/5) D:13
 Depths (0/4) D:15          Sewer (visited)         Gauntlet (visited)

Altars:
Ashenzari
Cheibriados
Dithmenos
Elyvilon
Fedhas
Gozag
Hepliaklqana
Kikubaaqudgha
Makhleb
Nemelex Xobeh
Okawaru
Qazlal
Ru
Sif Muna
Trog
Uskayaw
Vehumet
Wu Jian
Xom
Yredelemnul
Zin
The Shining One
Jiyva

Shops:
D:5 **(   D:9 [   D:15 =   Orc:2 [*(:

Portals:
Trove: D:11 (give 7 scrolls of blinking)

Annotations:
D:8 4 transporters
D:11 1 runed translucent door, xzight's ghost, journeyman MiBe
D:13 1 runed translucent door
D:14 3 runed translucent doors, Ficoysum's ghost, journeyman GnWn
Lair:2 1 runed translucent door, Rupert
Lair:4 1 runed translucent door
Spider:1 2 transporters, Zosacw's ghost, adept HaHu


Message History

Okawaru accepts your kill.
You slash the tarantella! You freeze the tarantella.
A freezing mist starts to gather...
A redback simulacrum comes into view.
You block the tarantella's attack.
You completely miss the tarantella.
The tarantella is severely wounded.
The tarantella touches you but does no damage.
You hit the tarantella. You freeze the tarantella.
The tarantella is severely wounded.
You block the tarantella's attack.
The entropy weaver gestures at you while chanting.
The entropic weave corrodes you!
You slice the tarantella!! You freeze the tarantella.
You kill the tarantella!
Okawaru accepts your kill.
You slice the redback simulacrum!!
A freezing mist starts to gather...
A tarantella simulacrum comes into view.
The redback simulacrum bites you. The redback simulacrum freezes you.
You resist.
You slice the redback simulacrum!!
The redback simulacrum vaporises!
The orb spider pulsates with a strange energy.
You slice the tarantella simulacrum!!
The tarantella simulacrum is severely damaged.
You slash the tarantella simulacrum!
The tarantella simulacrum vaporises!
The orb spider weaves a glowing orb of energy.
An orb of destruction comes into view.
You slash the entropy weaver! You freeze the entropy weaver.
The entropy weaver is lightly wounded.
You block the entropy weaver's attack. The entropy weaver closely misses you.
The entropy weaver hits you but does no damage.
You block the entropy weaver's attack.
You slice the entropy weaver!! You freeze the entropy weaver!
The entropy weaver is severely wounded.
You block the entropy weaver's attack. x3; The entropy weaver misses you.
The orb of destruction hits you!!!
You die...

........# ##### ...../.#
.%..######.....^#
....##...#......
....#........s## #####
..##...........#####.....
..#............##........
.#.#.........%...%.s.....
..#.........%%.0@B.......
.##.............000......
###..^.(.........%%s.....
.####..(.^.....#.........
..# ###..(..##!#.........
....^ #^##.###.##.....[..
.....>..#### #.##^.......
....^...# #.###.......
....... .. ....###


You could see an entropy weaver (soul bound), 2 orb spiders and a jumping
spider.

Vanquished Creatures
  Donald (Spider:3)
  A storm dragon (D:13)
  An orc warlord (Orc:2)
  2 broodmothers
  A spark wasp (Spider:2)
  A dire elephant (Gauntlet)
  A minotaur (Gauntlet)
  3 entropy weavers (Spider:2)
  2 fire dragons
  8 hydras
  A rakshasa (D:13)
  An ice dragon (D:11)
  6 centaur warriors
  3 jorogumos
  A catoblepas (D:15)
  A radroach (Spider:3)
  6 boulder beetles
  A death knight (D:15)
  9 two-headed ogres
  A vampire mage (D:15)
  A deep troll earth mage (D:13)
  4 tengu warriors
  4 death yaks (Lair:3)
  3 demonic crawlers
  3 orc high priests (Orc:2)
  A sun demon (D:12)
  6 pharaoh ants
  A death drake (Gauntlet)
  A skyshark (Lair:3)
  An orb spider (Spider:2)
  9 skeletal warriors
  An obsidian statue (D:12)
  A glowing orange brain (shapeshifter) (Lair:5)
  A swamp dragon (Lair:5)
  A wizard (D:13)
  A necromancer (D:15)
  5 steelbarb worms
  11 wolf spiders
  5 orc knights
  A frost giant zombie (D:15)
  13 ugly things
  2 orc sorcerers (Orc:2)
  7 cyclopes
  A deep elf pyromancer (D:13)
  3 manticores
  2 moths of wrath
  A centaur zombie (Gauntlet)
  A black mamba (shapeshifter) (D:15)
  Maurice (D:11)
  16 cane toads
  4 black mambas
  11 elephants
  An orange demon (D:12)
  A yaktaur (D:13)
  A minotaur zombie (Gauntlet)
  3 torpor snails
  A gargoyle (D:14)
  2 kobold demonologists
  5 rime drakes
  14 komodo dragons
  An unseen horror (D:12)
  An efreet (D:12)
  A freezing wraith (D:13)
  4 polar bears
  2 tengu conjurers
  3 meliai (D:14)
  9 trolls
  11 tarantellas
  2 blink frogs (Lair:3)
  Prince Ribbit (Lair:3)
  12 dream sheep (Lair:5)
  A spriggan zombie (D:15)
  4 slime creatures (D:14)
  15 jumping spiders
  12 culicivoras
  A shadow (D:12)
  A ynoxinul (D:12)
  3 wraiths
  54 yaks
  3 wyverns
  A chaos spawn (D:12)
  A human (Lair:2)
  6 vampire mosquitoes
  3 steam dragons
  10 basilisks
  A neqoxec (D:12)
  3 wargs (Orc:2)
  Edmund (D:6)
  22 redbacks
  Duvessa (D:4)
  12 water moccasins
  A glowing shapeshifter skeleton (D:15)
  3 swamp drakes (Lair:5)
  5 black bears
  2 boggarts (D:13)
  33 orc warriors
  4 sky beasts
  19 wolves
  5 ogres
  19 centaurs
  A phantom (D:5)
  5 kobold brigands
  11 bullfrogs
  5 scorpions
  Dowan (D:4)
  A hornet simulacrum (D:14)
  8 wights (D:8)
  A tengu zombie (D:15)
  4 howler monkeys
  A lava snake (D:14)
  A crimson imp (D:12)
  A spectral boggart (Gauntlet)
  2 quasits (D:12)
  2 hounds (D:5)
  3 gnoll boudas
  9 orc priests
  2 iron imps (D:12)
  3 sleepcaps
  6 iguanas
  34 orc wizards
  18 gnolls
  4 adders
  A white imp (D:7)
  2 ufetubi
  4 worms
  4 dart slugs
  76 orcs
  10 ball pythons
  10 endoplasms
  6 giant cockroaches
  7 goblins
  9 hobgoblins
  5 jackals
  22 kobolds
  5 quokkas
  3 bats
  6 frilled lizards
  5 rats
793 creatures vanquished.

Vanquished Creatures (others)
  Nikola (Spider:2)
  A pharaoh ant (Spider:2)
  A large abomination (D:12)
  A shadow imp (D:12)
  A white imp (D:12)
  2 ufetubi (D:12)
  2 kobolds (D:7)
9 creatures vanquished.

Grand Total: 802 creatures vanquished

Notes
Turn   | Place    | Note
-------+----------+-------------------------------------------
     0 | D:1      | qw the Gargoyle Fighter began the quest for the Orb.
     0 | D:1      | Reached XP level 1. HP: 14/14 MP: 1/1
     0 | D:1      | 0 ||| qw: Version: 0.2-a-29-g511e9b1
     0 | D:1      | 0 ||| qw: Game counter: 5197
     0 | D:1      | 0 ||| qw: Always use a shield: true
     0 | D:1      | 0 ||| qw: God list: Okawaru
     0 | D:1      | 0 ||| qw: Allow faded altars: false
     0 | D:1      | 0 ||| qw: Do Orc after D:15 true
     0 | D:1      | 0 ||| qw: Do second Lair branch before Depths: true
     0 | D:1      | 0 ||| qw: Lair rune preference: random
     0 | D:1      | 0 ||| qw: Plans: Normal, Zot:1-4, Slime:5, God:TSO, Crypt,
                  | Tomb, Abyss, Pan, Hells, Win
     0 | D:1      | 0 ||| PLANNING D:1-11
    91 | D:1      | Reached XP level 2. HP: 19/19 MP: 2/2
   511 | D:1      | Reached skill level 3 in Axes
   706 | D:1      | Reached XP level 3. HP: 23/23 MP: 3/3
   799 | D:1      | 799 ||| UPGRADING to +0 pair of gloves.
   804 | D:1      | 804 ||| UPGRADING to amulet of regeneration.
   809 | D:1      | 809 ||| DROPPING ring of magical power.
   810 | D:1      | 810 ||| READING scroll labelled MIOPRE YPLU.
   811 | D:1      | 811 ||| READING scroll labelled WOPONE VAXOAT.
   815 | D:1      | 815 ||| READING scroll labelled MIUXTA YFEL.
   816 | D:1      | 816 ||| READING scroll labelled SAEHEE XOBOTZ.
   817 | D:1      | 817 ||| DRINKING 2 murky puce potions.
   818 | D:1      | 818 ||| DRINKING 3 bubbling sapphire potions.
   846 | D:2      | Identified the +1 robe of Raheiveb {Int+7}
   906 | D:2      | 906 ||| Stepping ~*~*~tactically~*~*~ (stealth).
   917 | D:2      | 917 ||| Stepping ~*~*~tactically~*~*~ (hiding).
   920 | D:2      | 920 ||| Stepping ~*~*~tactically~*~*~ (hiding).
   925 | D:2      | 925 ||| Stepping ~*~*~tactically~*~*~ (stealth).
   931 | D:2      | 931 ||| Stepping ~*~*~tactically~*~*~ (stealth).
   932 | D:2      | 932 ||| Stepping ~*~*~tactically~*~*~ (stealth).
  1208 | D:2      | Reached skill level 1 in Throwing
  1223 | D:2      | 1223 ||| Stepping ~*~*~tactically~*~*~ (stealth).
  1225 | D:2      | 1225 ||| Stepping ~*~*~tactically~*~*~ (hiding).
  1226 | D:2      | 1226 ||| Stepping ~*~*~tactically~*~*~ (stealth).
  1230 | D:2      | 1230 ||| Stepping ~*~*~tactically~*~*~ (hiding).
  1355 | D:2      | 1355 ||| Stepping ~*~*~tactically~*~*~ (hiding).
  1356 | D:2      | 1356 ||| Stepping ~*~*~tactically~*~*~ (hiding).
  1366 | D:2      | Reached XP level 4. HP: 28/28 MP: 4/4
  1604 | D:2      | 1604 ||| UPGRADING to +3 ring mail.
  1614 | D:2      | 1614 ||| DROPPING +0 scale mail.
  1615 | D:2      | 1615 ||| UPGRADING to ring of resist corrosion.
  1616 | D:2      | 1616 ||| READING scroll labelled COPOHA OCLAGIEZO.
  1617 | D:2      | 1617 ||| READING scroll labelled BEN IWUPPOS.
  2015 | D:3      | 2015 ||| Stepping ~*~*~tactically~*~*~ (stealth).
  2285 | D:3      | 2285 ||| UPGRADING to +0 helmet.
  2290 | D:3      | 2290 ||| READING scroll labelled DIAXYF TAAF.
  2291 | D:3      | 2291 ||| READING scroll labelled POATTEKHUS.
  2319 | D:4      | 2319 ||| PLANNING SEWER
  2441 | D:4      | Reached XP level 5. HP: 32/32 MP: 5/5
  2468 | D:4      | 2468 ||| Stepping ~*~*~tactically~*~*~ (hiding).
  2724 | D:4      | 2724 ||| Stepping ~*~*~tactically~*~*~ (hiding).
  2949 | D:4      | Found a glowing drain.
  2967 | D:4      | 2967 ||| Stepping ~*~*~tactically~*~*~ (water).
  2977 | D:4      | 2977 ||| UPGRADING to +0 chain mail.
  2987 | D:4      | 2987 ||| DROPPING +3 ring mail.
  2995 | Sewer    | Entered a sewer
  3126 | Sewer    | 3126 ||| Stepping ~*~*~tactically~*~*~ (water).
  3197 | Sewer    | Noticed a kobold brigand
  3197 | Sewer    | Noticed a kobold brigand
  3205 | Sewer    | Killed a kobold brigand
  3206 | Sewer    | Reached XP level 6. HP: 28/37 MP: 6/6
  3256 | Sewer    | 3256 ||| READING scroll labelled NIPRIU GYOSYI.
  3257 | Sewer    | 3257 ||| DRINKING 2 ruby potions.
  3258 | Sewer    | 3258 ||| DRINKING 2 glowing puce potions.
  3259 | Sewer    | 3259 ||| READING 3 scrolls of identify.
  3259 | Sewer    | 3259 ||| IDENTIFYING lumpy clear potion
  3260 | Sewer    | 3260 ||| READING 2 scrolls of identify.
  3260 | Sewer    | 3260 ||| IDENTIFYING coppery potion
  3261 | Sewer    | 3261 ||| DROPPING potion of berserk rage.
  3262 | Sewer    | 3262 ||| DROPPING potion of invisibility.
  3268 | D:4      | 3268 ||| PLANNING D:1-11
  3424 | D:4      | Noticed Duvessa
  3424 | D:4      | Noticed Dowan
  3431 | D:4      | Killed Duvessa
  3432 | D:4      | Reached skill level 6 in Axes
  3432 | D:4      | Reached XP level 7. HP: 36/43 MP: 7/7
  3448 | D:4      | 3448 ||| Stepping ~*~*~tactically~*~*~ (hiding).
  3449 | D:4      | 3449 ||| Stepping ~*~*~tactically~*~*~ (hiding).
  3454 | D:4      | 3454 ||| Stepping ~*~*~tactically~*~*~ (hiding).
  3460 | D:4      | 3460 ||| Stepping ~*~*~tactically~*~*~ (hiding).
  3464 | D:4      | Killed Dowan
  3614 | D:4      | 3614 ||| READING 2 scrolls of identify.
  3614 | D:4      | 3614 ||| IDENTIFYING fuming red potion
  3647 | D:5      | Entered Level 5 of the Dungeon
  3678 | D:5      | Reached skill level 1 in Dodging
  3861 | D:5      | Reached XP level 8. HP: 43/48 MP: 8/8
  4114 | D:5      | 4114 ||| DROPPING +0 whip.
  4120 | D:5      | Found Jiunive's Assorted Antiques.
  4139 | D:5      | Found Lidghufa's General Store.
  4141 | D:5      | Found Xenyxt's Antique Weapon Shoppe.
  4147 | D:5      | 4147 ||| BUYING potion of magic (112 gold).
  4147 | D:5      | Bought a potion of magic for 112 gold pieces
  4147 | D:5      | 4147 ||| SHOPLISTING wand of digging (3) (176 gold, have
                  | 44).
  4367 | D:5      | 4367 ||| STAIRDANCE
  4377 | D:5      | 4377 ||| SHOPLISTING encrusted ivory wand (96 gold, have
                  | 52).
  4377 | D:5      | 4377 ||| SHOPLISTING glowing helmet (180 gold, have 52).
  4377 | D:5      | 4377 ||| SHOPLISTING runed war axe (156 gold, have 52).
  4377 | D:5      | 4377 ||| BUYING scroll of identify (48 gold).
  4377 | D:5      | Bought a scroll of identify for 48 gold pieces
  4377 | D:5      | 4377 ||| SHOPLISTING scroll of identify (48 gold, have 4).
  4377 | D:5      | 4377 ||| SHOPLISTING scroll of teleportation (72 gold, have
                  | 4).
  4377 | D:5      | 4377 ||| Stepping randomly (stuck).
  4470 | D:6      | 4470 ||| Stepping ~*~*~tactically~*~*~ (hiding).
  4471 | D:6      | 4471 ||| Stepping ~*~*~tactically~*~*~ (hiding).
  4583 | D:6      | Found a basalt altar of Yredelemnul.
  4607 | D:6      | 4607 ||| STAIRDANCE
  4655 | D:6      | 4655 ||| READING scroll of enchant armour.
  4655 | D:6      | 4655 ||| ENCHANTING +0 pair of gloves.
  4915 | D:6      | 4915 ||| DRINKING 3 potions of curing.
  4915 | D:6      | 4915 ||| (to cure confusion)
  4930 | D:6      | Paralysed by an orc for 2 turns
  5031 | D:6      | 5031 ||| STAIRDANCE
  5034 | D:5      | 5034 ||| SHOPLISTING runed flail (162 gold, have 157).
  5098 | D:6      | Noticed Edmund
  5122 | D:6      | Killed Edmund
  5307 | D:6      | 5307 ||| DROPPING +6 ring of intelligence.
  5325 | D:7      | Reached skill level 6 in Fighting
  5328 | D:7      | Reached XP level 9. HP: 28/55 MP: 9/9
  5698 | D:7      | Reached skill level 9 in Axes
  5728 | D:7      | Found a staircase to the Ecumenical Temple.
  5729 | D:7      | 5729 ||| PLANNING TEMPLE
  5729 | D:7      | 5729 ||| UPGRADING to +0 plate armour.
  5739 | D:7      | 5739 ||| DROPPING +0 chain mail.
  5740 | D:7      | 5740 ||| READING scroll labelled GAOZAMIHOCS.
  5740 | D:7      | Identified a scroll of acquirement
  5740 | D:7      | 5740 ||| ACQUIRING 669 gold pieces
  5740 | D:7      | Acquired 669 gold pieces
  5748 | Temple   | Entered the Ecumenical Temple
  5793 | Temple   | 5793 ||| PLANNING D:1-11
  5817 | D:7      | Found an opulent altar of Gozag.
  5845 | D:7      | 5845 ||| Stepping ~*~*~tactically~*~*~ (hiding).
  5847 | D:7      | 5847 ||| Stepping ~*~*~tactically~*~*~ (hiding).
  5849 | D:7      | 5849 ||| Stepping ~*~*~tactically~*~*~ (hiding).
  5917 | D:7      | Found a hide-covered altar of Uskayaw.
  5920 | D:7      | 5920 ||| Stepping ~*~*~tactically~*~*~ (stealth).
  6124 | D:7      | Found a white marble altar of Elyvilon.
  6124 | D:7      | Found a sparkling altar of Nemelex Xobeh.
  6138 | D:7      | Reached skill level 3 in Throwing
  6232 | D:7      | Found a stormy altar of Qazlal.
  6409 | D:7      | Found an ornate altar of the Wu Jian Council.
  6418 | D:7      | 6418 ||| READING 6 scrolls of identify.
  6418 | D:7      | 6418 ||| IDENTIFYING brown potion
  6419 | D:7      | 6419 ||| DROPPING potion of brilliance.
  6520 | D:8      | 6520 ||| Stepping ~*~*~tactically~*~*~ (hiding).
  6528 | D:8      | HP: 13/55 [orc warrior/+0 hand axe (7)]
  6529 | D:8      | 6529 ||| READING 3 scrolls of teleportation.
  6621 | D:8      | Reached skill level 6 in Armour
  6659 | D:8      | 6659 ||| Stepping ~*~*~tactically~*~*~ (hiding).
  6668 | D:8      | 6668 ||| DRINKING 2 potions of curing.
  6668 | D:8      | 6668 ||| (to cure confusion)
  6726 | D:8      | 6726 ||| DROPPING +0 flail.
  6745 | D:8      | 6745 ||| Stepping ~*~*~tactically~*~*~ (hiding).
  6746 | D:8      | 6746 ||| Stepping ~*~*~tactically~*~*~ (hiding).
  6749 | D:8      | 6749 ||| Stepping ~*~*~tactically~*~*~ (hiding).
  6767 | D:8      | Reached XP level 10. HP: 38/63 MP: 10/10
  6796 | D:8      | Found a transporter.
  6816 | D:8      | Found a transporter.
  6846 | D:8      | Found a transporter.
  6935 | D:8      | 6935 ||| Stepping ~*~*~tactically~*~*~ (hiding).
  6936 | D:8      | 6936 ||| Stepping ~*~*~tactically~*~*~ (hiding).
  6937 | D:8      | 6937 ||| Stepping ~*~*~tactically~*~*~ (hiding).
  6938 | D:8      | 6938 ||| Stepping ~*~*~tactically~*~*~ (hiding).
  7052 | D:8      | Found a transporter.
  7100 | D:8      | 7100 ||| READING scroll labelled POXTIR MIMP.
  7110 | D:9      | Found an iron altar of Okawaru.
  7111 | D:9      | 7111 ||| PLANNING OKAWARU WORSHIP
  7135 | D:9      | Became a worshipper of Warmaster Okawaru
  7136 | D:9      | 7136 ||| PLANNING D:1-11
  7494 | D:9      | Found Erlang Shen's Dragon-Slaying Spoils.
  7502 | D:9      | 7502 ||| BUYING +0 acid dragon scales (440 gold).
  7502 | D:9      | Bought +0 acid dragon scales for 440 gold pieces
  7502 | D:9      | 7502 ||| SHOPLISTING +0 gold dragon scales (880 gold, have
                  | 570).
  7502 | D:9      | 7502 ||| SHOPLISTING +0 ice dragon scales (660 gold, have
                  | 570).
  7502 | D:9      | 7502 ||| SHOPLISTING +0 pearl dragon scales (1100 gold,
                  | have 570).
  7502 | D:9      | 7502 ||| SHOPLISTING +0 shadow dragon scales (880 gold,
                  | have 570).
  7502 | D:9      | 7502 ||| SHOPLISTING +1 fire dragon scales (737 gold, have
                  | 570).
  7502 | D:9      | 7502 ||| SHOPLISTING +2 storm dragon scales (1012 gold,
                  | have 570).
  7502 | D:9      | 7502 ||| SHOPLISTING quicksilver dragon scales of Soarr
                  | {Harm rN+ Will+ Dex+4} (875 gold, have 570).
  7580 | D:9      | 7580 ||| Stepping ~*~*~tactically~*~*~ (stealth).
  7581 | D:9      | 7581 ||| Stepping ~*~*~tactically~*~*~ (stealth).
  7598 | D:9      | HP: 13/64 [yak (10)]
  7599 | D:9      | 7599 ||| READING 3 scrolls of teleportation.
  7600 | D:9      | 7600 ||| DRINKING potion of heal wounds.
  7657 | D:9      | Found a flagged portal.
  7766 | D:9      | Reached * piety under Okawaru
  7782 | D:9      | Reached skill level 1 in Invocations
  7978 | D:9      | 7978 ||| UPGRADING to +0 cloak.
  7983 | D:9      | 7983 ||| DROPPING amulet of the acrobat.
  7984 | D:9      | 7984 ||| READING 9 scrolls of identify.
  7984 | D:9      | 7984 ||| IDENTIFYING viscous cyan potion
  7985 | D:9      | 7985 ||| DROPPING potion of enlightenment.
  8004 | D:10     | Entered Level 10 of the Dungeon
  8005 | D:10     | 8005 ||| INVOKING Heroism.
  8015 | D:10     | 8015 ||| STAIRDANCE
  8017 | D:9      | 8017 ||| INVOKING Heroism.
  8026 | D:9      | 8026 ||| INVOKING Heroism.
  8240 | D:10     | 8240 ||| INVOKING Heroism.
  8258 | D:10     | 8258 ||| INVOKING Heroism.
  8546 | D:10     | 8546 ||| READING scroll of acquirement.
  8546 | D:10     | 8546 ||| ACQUIRING +4 heavy broad axe
  8546 | D:10     | Acquired a +4 heavy broad axe
  8548 | D:10     | 8548 ||| UPGRADING to +4 heavy broad axe.
  8549 | D:10     | 8549 ||| DROPPING +0 war axe.
  8647 | D:10     | 8647 ||| Stepping ~*~*~tactically~*~*~ (hiding).
  8650 | D:10     | 8650 ||| Stepping ~*~*~tactically~*~*~ (hiding).
  8651 | D:10     | 8651 ||| Stepping ~*~*~tactically~*~*~ (hiding).
  8652 | D:10     | 8652 ||| Stepping ~*~*~tactically~*~*~ (hiding).
  8656 | D:10     | 8656 ||| Stepping ~*~*~tactically~*~*~ (stealth).
  8657 | D:10     | 8657 ||| Stepping ~*~*~tactically~*~*~ (stealth).
  8662 | D:10     | 8662 ||| Stepping ~*~*~tactically~*~*~ (stealth).
  8665 | D:10     | 8665 ||| INVOKING Heroism.
  8781 | D:10     | Found a shimmering altar of Xom.
  9078 | D:10     | 9078 ||| DROPPING amulet of guardian spirit.
  9079 | D:10     | 9079 ||| UPGRADING to +5 ring of evasion.
  9080 | D:10     | 9080 ||| UPGRADING to +4 ring of slaying {mikee}.
  9082 | D:10     | 9082 ||| READING scroll labelled NIXKARECHA.
  9094 | D:10     | 9094 ||| READING scroll labelled NUFUSI XUNIESU.
  9095 | D:10     | 9095 ||| READING 8 scrolls of identify.
  9095 | D:10     | 9095 ||| IDENTIFYING red potion
  9096 | D:10     | 9096 ||| READING 7 scrolls of identify.
  9096 | D:10     | 9096 ||| IDENTIFYING fuming black potion
  9097 | D:10     | 9097 ||| DROPPING potion of degeneration.
  9166 | D:11     | Found a runed translucent door.
  9166 | D:11     | Noticed xzight's ghost (journeyman MiBe)
  9236 | D:11     | Noticed a two-headed ogre
  9244 | D:11     | Killed a two-headed ogre
  9245 | D:11     | Reached XP level 11. HP: 60/69 MP: 13/13
  9325 | D:11     | Noticed a white ugly thing
  9325 | D:11     | Noticed a boulder beetle
  9325 | D:11     | Noticed a cyclops
  9325 | D:11     | Noticed a two-headed ogre
  9326 | D:11     | 9326 ||| Stepping ~*~*~tactically~*~*~ (stealth).
  9327 | D:11     | Noticed a cyclops
  9328 | D:11     | 9328 ||| INVOKING Heroism.
  9330 | D:11     | Reached skill level 3 in Invocations
  9331 | D:11     | Noticed a purple ugly thing
  9332 | D:11     | Killed a two-headed ogre
  9335 | D:11     | Noticed a two-headed ogre
  9337 | D:11     | Noticed a two-headed ogre
  9339 | D:11     | Killed a white ugly thing
  9339 | D:11     | Reached ** piety under Okawaru
  9343 | D:11     | 9343 ||| INVOKING Heroism.
  9346 | D:11     | Killed a purple ugly thing
  9348 | D:11     | Killed a cyclops
  9349 | D:11     | Reached skill level 9 in Fighting
  9350 | D:11     | Killed a two-headed ogre
  9352 | D:11     | Killed a two-headed ogre
  9352 | D:11     | Noticed a cyclops
  9353 | D:11     | 9353 ||| Stepping ~*~*~tactically~*~*~ (hiding).
  9357 | D:11     | Reached *** piety under Okawaru
  9361 | D:11     | 9361 ||| INVOKING Heroism.
  9365 | D:11     | Killed a cyclops
  9365 | D:11     | Killed a cyclops
  9366 | D:11     | Reached skill level 12 in Axes
  9368 | D:11     | Noticed an ice dragon
  9373 | D:11     | Killed an ice dragon
  9378 | D:11     | Reached skill level 9 in Armour
  9379 | D:11     | Received a gift from Okawaru
  9387 | D:11     | 9387 ||| INVOKING Heroism.
  9402 | D:11     | Reached XP level 12. HP: 59/76 MP: 15/15
  9404 | D:11     | Reached skill level 6 in Shields
  9406 | D:11     | 9406 ||| INVOKING Heroism.
  9410 | D:11     | Killed a boulder beetle
  9432 | D:11     | 9432 ||| Stepping ~*~*~tactically~*~*~ (stealth).
  9434 | D:11     | 9434 ||| Stepping ~*~*~tactically~*~*~ (hiding).
  9449 | D:11     | Reached **** piety under Okawaru
  9456 | D:11     | 9456 ||| Stepping ~*~*~tactically~*~*~ (stealth).
  9474 | D:11     | 9474 ||| Stepping ~*~*~tactically~*~*~ (stealth).
  9548 | D:11     | Noticed a two-headed ogre
  9552 | D:11     | 9552 ||| INVOKING Heroism.
  9554 | D:11     | Killed a two-headed ogre
  9666 | D:11     | Identified the +6 great mace of the Middle {flame, Will+}
  9684 | D:11     | Found a staircase to the Lair.
  9694 | D:11     | 9694 ||| INVOKING Heroism.
  9804 | D:11     | 9804 ||| Stepping ~*~*~tactically~*~*~ (hiding).
  9806 | D:11     | 9806 ||| Stepping ~*~*~tactically~*~*~ (hiding).
  9809 | D:11     | 9809 ||| Stepping ~*~*~tactically~*~*~ (hiding).
  9813 | D:11     | 9813 ||| Stepping ~*~*~tactically~*~*~ (hiding).
  9816 | D:11     | 9816 ||| Stepping ~*~*~tactically~*~*~ (hiding).
  9839 | D:11     | Found a portal to a secret trove of treasure.
  9911 | D:11     | 9911 ||| READING scroll of acquirement.
  9911 | D:11     | 9911 ||| ACQUIRING +2 pair of boots of Agosak {rElec rC-
                  | rN+ SInv}
  9911 | D:11     | Acquired the +2 pair of boots of Agosak {rElec rC- rN+
                  | SInv}
  9913 | D:11     | 9913 ||| UPGRADING to +2 pair of boots of Agosak {rElec rC-
                  | rN+ SInv}.
 10168 | D:11     | Noticed Maurice
 10169 | D:11     | 10169 ||| Stepping ~*~*~tactically~*~*~ (hiding).
 10177 | D:11     | Killed Maurice
 10182 | D:11     | 10182 ||| UPGRADING to +1 cloak of stealth.
 10192 | D:11     | 10192 ||| DROPPING +0 cloak.
 10235 | D:11     | 10235 ||| READING scroll labelled MYLUK BOGU.
 10236 | D:11     | 10236 ||| PLANNING LAIR
 10302 | Lair:1   | Entered Level 1 of the Lair of Beasts
 10306 | Lair:1   | 10306 ||| STAIRDANCE
 10494 | Lair:1   | 10494 ||| Stepping ~*~*~tactically~*~*~ (stealth).
 10503 | Lair:1   | Reached skill level 6 in Invocations
 10524 | Lair:1   | Reached ***** piety under Okawaru
 10594 | Lair:1   | Received a gift from Okawaru
 10623 | Lair:1   | 10623 ||| INVOKING Heroism.
 10743 | Lair:1   | 10743 ||| Stepping ~*~*~tactically~*~*~ (hiding).
 10744 | Lair:1   | 10744 ||| Stepping ~*~*~tactically~*~*~ (hiding).
 10745 | Lair:1   | 10745 ||| Stepping ~*~*~tactically~*~*~ (hiding).
 10913 | Lair:1   | 10913 ||| READING scroll of enchant armour.
 10913 | Lair:1   | 10913 ||| ENCHANTING +1 pair of gloves.
 10921 | Lair:1   | Received a gift from Okawaru
 10994 | Lair:1   | 10994 ||| INVOKING Heroism.
 11014 | Lair:1   | 11014 ||| Stepping ~*~*~tactically~*~*~ (hiding).
 11066 | Lair:1   | Noticed a fire dragon
 11067 | Lair:1   | 11067 ||| INVOKING Heroism.
 11068 | Lair:1   | 11068 ||| INVOKING Finesse.
 11078 | Lair:1   | Killed a fire dragon
 11174 | Lair:1   | 11174 ||| INVOKING Heroism.
 11180 | Lair:1   | Received a gift from Okawaru
 11204 | Lair:1   | 11204 ||| Stepping ~*~*~tactically~*~*~ (hiding).
 11206 | Lair:1   | 11206 ||| Stepping ~*~*~tactically~*~*~ (stealth).
 11207 | Lair:1   | 11207 ||| Stepping ~*~*~tactically~*~*~ (hiding).
 11208 | Lair:1   | 11208 ||| Stepping ~*~*~tactically~*~*~ (hiding).
 11338 | Lair:1   | Reached XP level 13. HP: 82/82 MP: 19/19
 11653 | Lair:1   | 11653 ||| UPGRADING to +0 tower shield.
 11663 | Lair:1   | 11663 ||| DROPPING +0 buckler.
 11664 | Lair:1   | 11664 ||| DROPPING ring of positive energy.
 11729 | Lair:2   | 11729 ||| INVOKING Heroism.
 11737 | Lair:2   | Reached skill level 9 in Invocations
 11743 | Lair:2   | Received a gift from Okawaru
 11899 | Lair:2   | 11899 ||| Stepping ~*~*~tactically~*~*~ (hiding).
 12012 | Lair:2   | 12012 ||| INVOKING Heroism.
 12060 | Lair:2   | 12060 ||| Stepping ~*~*~tactically~*~*~ (stealth).
 12066 | Lair:2   | Received a gift from Okawaru
 12126 | Lair:2   | 12126 ||| Stepping ~*~*~tactically~*~*~ (stealth).
 12242 | Lair:2   | 12242 ||| Stepping ~*~*~tactically~*~*~ (hiding).
 12258 | Lair:2   | Found a hole to the Spider Nest.
 12355 | Lair:2   | Found a runed translucent door.
 12360 | Lair:2   | 12360 ||| DROPPING +0 mace of holy wrath.
 12361 | Lair:2   | 12361 ||| DROPPING +0 demon whip of freezing.
 12362 | Lair:2   | 12362 ||| DROPPING +5 flail of draining.
 12363 | Lair:2   | 12363 ||| DROPPING +2 flail of freezing.
 12368 | Lair:2   | Noticed Rupert
 12794 | Lair:2   | 12794 ||| READING 6 scrolls of identify.
 12794 | Lair:2   | 12794 ||| IDENTIFYING purple potion
 12931 | Lair:3   | 12931 ||| INVOKING Heroism.
 12975 | Lair:3   | 12975 ||| INVOKING Heroism.
 12976 | Lair:3   | 12976 ||| INVOKING Finesse.
 12981 | Lair:3   | Reached skill level 9 in Shields
 13046 | Lair:3   | Received a gift from Okawaru
 13110 | Lair:3   | 13110 ||| Stepping ~*~*~tactically~*~*~ (stealth).
 13112 | Lair:3   | 13112 ||| INVOKING Heroism.
 13113 | Lair:3   | 13113 ||| Stepping ~*~*~tactically~*~*~ (stealth).
 13114 | Lair:3   | 13114 ||| INVOKING Finesse.
 13131 | Lair:3   | Received a gift from Okawaru
 13201 | Lair:3   | You fall into a shaft and drop 1 floor!
 13205 | Lair:4   | 13205 ||| INVOKING Heroism.
 13216 | Lair:4   | 13216 ||| READING scroll labelled LAGENE KANY.
 13404 | Lair:3   | 13404 ||| INVOKING Heroism.
 13408 | Lair:3   | 13408 ||| SWAPPING to +2 war axe of flaming.
 13421 | Lair:3   | 13421 ||| UPGRADING to +4 heavy broad axe.
 13437 | Lair:3   | 13437 ||| Stepping ~*~*~tactically~*~*~ (stealth).
 13439 | Lair:3   | 13439 ||| INVOKING Heroism.
 13441 | Lair:3   | 13441 ||| SWAPPING to +2 war axe of flaming.
 13468 | Lair:3   | 13468 ||| UPGRADING to +4 heavy broad axe.
 13470 | Lair:3   | Found a staircase to the Swamp.
 13611 | Lair:3   | Noticed Prince Ribbit
 13613 | Lair:3   | 13613 ||| INVOKING Heroism.
 13623 | Lair:3   | Killed Prince Ribbit
 13623 | Lair:3   | Received a gift from Okawaru
 13731 | Lair:3   | 13731 ||| READING scroll labelled IHANGYCREFI.
 13755 | Lair:4   | 13755 ||| INVOKING Heroism.
 13757 | Lair:4   | 13757 ||| INVOKING Finesse.
 13764 | Lair:4   | 13764 ||| SWAPPING to +2 war axe of flaming.
 13770 | Lair:4   | Gained mutation: Your large and strong wings let you fly.
                  | [Gargoyle growth]
 13770 | Lair:4   | Reached XP level 14. HP: 88/88 MP: 14/21
 13771 | Lair:4   | Reached skill level 12 in Shields
 13788 | Lair:4   | 13788 ||| UPGRADING to +4 broad axe of chaos.
 13945 | Lair:4   | 13945 ||| Stepping ~*~*~tactically~*~*~ (hiding).
 13946 | Lair:4   | 13946 ||| Stepping ~*~*~tactically~*~*~ (hiding).
 14051 | Lair:4   | 14051 ||| INVOKING Heroism.
 14178 | Lair:4   | Found a runed translucent door.
 14178 | Lair:4   | Found a viscous altar of Jiyva.
 14180 | Lair:4   | Found a staircase to the Slime Pits.
 14637 | Lair:4   | 14637 ||| DROPPING +0 pair of boots.
 14638 | Lair:4   | 14638 ||| DROPPING +4 ring of protection.
 14679 | Lair:5   | Entered Level 5 of the Lair of Beasts
 14717 | Lair:5   | 14717 ||| Stepping ~*~*~tactically~*~*~ (stealth).
 14719 | Lair:5   | 14719 ||| Stepping ~*~*~tactically~*~*~ (stealth).
 14726 | Lair:5   | Received a gift from Okawaru
 14777 | Lair:5   | 14777 ||| INVOKING Heroism.
 14778 | Lair:5   | 14778 ||| INVOKING Finesse.
 14787 | Lair:5   | 14787 ||| SWAPPING to +2 war axe of flaming.
 14791 | Lair:5   | 14791 ||| UPGRADING to +4 broad axe of chaos.
 14852 | Lair:5   | 14852 ||| Stepping ~*~*~tactically~*~*~ (stealth).
 15005 | Lair:5   | 15005 ||| INVOKING Heroism.
 15006 | Lair:5   | 15006 ||| INVOKING Finesse.
 15051 | Lair:5   | 15051 ||| READING scroll of enchant armour.
 15051 | Lair:5   | 15051 ||| ENCHANTING +0 helmet.
 15199 | Lair:5   | 15199 ||| Stepping ~*~*~tactically~*~*~ (hiding).
 15208 | Lair:5   | 15208 ||| Stepping ~*~*~tactically~*~*~ (hiding).
 15222 | Lair:5   | Received a gift from Okawaru
 15223 | Lair:5   | 15223 ||| Stepping ~*~*~tactically~*~*~ (hiding).
 15224 | Lair:5   | 15224 ||| FLEEEEING.
 15229 | Lair:5   | 15229 ||| INVOKING Heroism.
 15390 | Lair:5   | 15390 ||| Stepping ~*~*~tactically~*~*~ (stealth).
 15408 | Lair:5   | Reached skill level 15 in Shields
 15553 | Lair:5   | 15553 ||| INVOKING Heroism.
 15653 | Lair:5   | 15653 ||| PLANNING D
 15801 | D:12     | 15801 ||| PLANNING GAUNTLET
 15853 | D:12     | 15853 ||| INVOKING Heroism.
 15933 | D:12     | Found a gate leading to a gauntlet.
 15943 | Gauntlet | Entered a Gauntlet
 15943 | Gauntlet | Noticed a dire elephant
 15943 | Gauntlet | Found a transporter.
 15943 | Gauntlet | Found a transporter.
 15944 | Gauntlet | Found a transporter.
 15944 | Gauntlet | Found a transporter.
 15947 | Gauntlet | Found a transporter.
 15949 | Gauntlet | Found a large runed translucent door.
 15950 | Gauntlet | Found a large runed translucent door.
 15951 | Gauntlet | Found a large runed translucent door.
 15951 | Gauntlet | Found a large runed translucent door.
 15951 | Gauntlet | Found a runed translucent door.
 15952 | Gauntlet | Found a large runed translucent door.
 15953 | Gauntlet | Found a large runed translucent door.
 15954 | Gauntlet | Found a large runed translucent door.
 15954 | Gauntlet | Found a large runed translucent door.
 15955 | Gauntlet | Found a runed translucent gate.
 15957 | Gauntlet | Found a transporter.
 15972 | Gauntlet | Found a transporter.
 15980 | Gauntlet | Found a transporter.
 15997 | Gauntlet | Found a transporter.
 16005 | Gauntlet | Found a transporter.
 16023 | Gauntlet | Found a transporter.
 16067 | Gauntlet | Found a large runed translucent door.
 16068 | Gauntlet | Found a large runed translucent door.
 16069 | Gauntlet | Found a large runed translucent door.
 16069 | Gauntlet | Found a large runed translucent door.
 16069 | Gauntlet | Found a runed translucent door.
 16070 | Gauntlet | Found a large runed translucent door.
 16071 | Gauntlet | Found a large runed translucent door.
 16072 | Gauntlet | Found a large runed translucent door.
 16072 | Gauntlet | Found a large runed translucent door.
 16073 | Gauntlet | Found a runed translucent gate.
 16073 | Gauntlet | Found a runed translucent gate.
 16075 | Gauntlet | Found a transporter.
 16149 | Gauntlet | 16149 ||| INVOKING Heroism.
 16159 | Gauntlet | Killed a dire elephant
 16173 | Gauntlet | Identified the +1 pair of boots of Wijui {Slay+2 SInv}
 16175 | Gauntlet | 16175 ||| DROPPING +2 pair of boots.
 16176 | Gauntlet | 16176 ||| UPGRADING to +1 pair of boots of Wijui {Slay+2
                  | SInv}.
 16186 | Gauntlet | 16186 ||| DROPPING +2 pair of boots of Agosak {rElec rC-
                  | rN+ SInv}.
 16210 | Gauntlet | Identified the amulet of Zuriwasch {Spirit rPois Str+2}
 16212 | Gauntlet | 16212 ||| DROPPING amulet of Zuriwasch {Spirit rPois
                  | Str+2}.
 16225 | Gauntlet | 16225 ||| Stepping ~*~*~tactically~*~*~ (stealth).
 16228 | Gauntlet | 16228 ||| INVOKING Heroism.
 16229 | Gauntlet | 16229 ||| INVOKING Finesse.
 16290 | Gauntlet | Identified the +3 leather armour "Rehugen" {Regen+ rCorr
                  | Str-2 Int+8}
 16336 | Gauntlet | 16336 ||| UPGRADING to +2 plate armour of cold resistance.
 16346 | Gauntlet | 16346 ||| DROPPING +0 plate armour.
 16353 | D:12     | 16353 ||| PLANNING D
 16677 | D:12     | 16677 ||| Stepping ~*~*~tactically~*~*~ (hiding).
 16743 | D:12     | Reached XP level 15. HP: 81/92 MP: 22/22
 16781 | D:12     | Found a staircase to the Orcish Mines.
 16791 | D:12     | 16791 ||| READING scroll of brand weapon.
 16791 | D:12     | 16791 ||| BRANDING +4 broad axe of chaos.
 16919 | D:12     | 16919 ||| INVOKING Heroism.
 16920 | D:12     | 16920 ||| INVOKING Finesse.
 17272 | D:12     | 17272 ||| DROPPING +1 plate armour of cold resistance.
 17339 | D:13     | 17339 ||| FLEEEEING.
 17340 | D:13     | 17340 ||| FLEEEEING.
 17341 | D:13     | 17341 ||| FLEEEEING.
 17342 | D:13     | 17342 ||| FLEEEEING.
 17343 | D:13     | 17343 ||| FLEEEEING.
 17344 | D:13     | 17344 ||| FLEEEEING.
 17345 | D:13     | 17345 ||| FLEEEEING.
 17401 | D:13     | 17401 ||| INVOKING Heroism.
 17402 | D:13     | 17402 ||| INVOKING Finesse.
 17409 | D:13     | 17409 ||| SWAPPING to +2 war axe of flaming.
 17430 | D:13     | 17430 ||| UPGRADING to +4 broad axe of freezing.
 17532 | D:13     | Found a gate to the Vaults.
 17586 | D:13     | 17586 ||| INVOKING Heroism.
 17587 | D:13     | 17587 ||| INVOKING Finesse.
 17633 | D:13     | 17633 ||| Stepping ~*~*~tactically~*~*~ (hiding).
 17637 | D:13     | Noticed a storm dragon
 17638 | D:13     | 17638 ||| INVOKING Heroism.
 17645 | D:13     | 17645 ||| Stepping ~*~*~tactically~*~*~ (hiding).
 17658 | D:13     | Killed a storm dragon
 17658 | D:13     | Received a gift from Okawaru
 17661 | D:13     | 17661 ||| INVOKING Finesse.
 17712 | D:13     | Identified the +8 trident of Wyrd {heavy, MP+9}
 17718 | D:13     | 17718 ||| READING scroll of enchant armour.
 17718 | D:13     | 17718 ||| ENCHANTING +1 helmet.
 17818 | D:13     | Found a runed translucent door.
 17912 | D:13     | Received a gift from Okawaru
 18092 | D:13     | 18092 ||| DROPPING +6 ring of dexterity.
 18093 | D:13     | 18093 ||| READING 6 scrolls of identify.
 18093 | D:13     | 18093 ||| IDENTIFYING sedimented brown potion
 18094 | D:13     | 18094 ||| DROPPING potion of ambrosia.
 18227 | D:14     | 18227 ||| INVOKING Heroism.
 18231 | D:14     | Received a gift from Okawaru
 18238 | D:14     | HP: 9/94 [meliai/divine providence (15)]
 18239 | D:14     | 18239 ||| READING 8 scrolls of teleportation.
 18239 | D:14     | HP: 3/94 [meliai/+0 war axe (7)]
 18240 | D:14     | 18240 ||| DRINKING 2 potions of heal wounds.
 18342 | D:14     | Noticed Ficoysum's ghost (journeyman GnWn)
 18355 | D:14     | Found a runed translucent gate.
 18416 | D:14     | 18416 ||| INVOKING Heroism.
 18417 | D:14     | 18417 ||| INVOKING Finesse.
 18421 | D:14     | 18421 ||| SWAPPING to +2 war axe of flaming.
 18425 | D:14     | Reached skill level 6 in Throwing
 18497 | D:14     | 18497 ||| UPGRADING to +4 broad axe of freezing.
 18505 | D:14     | Found a runed translucent gate.
 18506 | D:14     | Found a runed translucent gate.
 18939 | D:14     | 18939 ||| Stepping randomly (stuck).
 18965 | D:15     | Entered Level 15 of the Dungeon
 18968 | D:15     | 18968 ||| INVOKING Heroism.
 18980 | D:15     | Identified the +0 pair of boots "Razuvoost" {rPois rC+++
                  | MP-9 SInv} (Okawaru gifted it to you on level 15 of the
                  | Dungeon)
 18980 | D:15     | Received a gift from Okawaru
 19038 | D:15     | 19038 ||| Stepping ~*~*~tactically~*~*~ (hiding).
 19085 | D:15     | 19085 ||| INVOKING Heroism.
 19087 | D:15     | Reached skill level 15 in Axes
 19089 | D:15     | HP: 23/94 [mirror damage (8)]
 19089 | D:15     | HP: 3/94 [death knight/+4 morningstar (21)]
 19090 | D:15     | 19090 ||| READING 8 scrolls of teleportation.
 19091 | D:15     | 19091 ||| DRINKING 3 potions of heal wounds.
 19213 | D:15     | 19213 ||| INVOKING Heroism.
 19243 | D:15     | Found Ifavothreofy's Jewellery Emporium.
 19251 | D:15     | 19251 ||| BUYING ring of Lube {MP+9 AC+4 Str+2 Int+3} (1303
                  | gold).
 19251 | D:15     | Bought the ring of Lube {MP+9 AC+4 Str+2 Int+3} for 1303
                  | gold pieces
 19251 | D:15     | 19251 ||| BUYING ring of fire (450 gold).
 19251 | D:15     | Bought a ring of fire for 450 gold pieces
 19273 | D:15     | 19273 ||| Stepping ~*~*~tactically~*~*~ (stealth).
 19275 | D:15     | 19275 ||| Stepping ~*~*~tactically~*~*~ (hiding).
 19286 | D:15     | Reached skill level 12 in Fighting
 19286 | D:15     | Reached XP level 16. HP: 82/101 MP: 23/23
 19290 | D:15     | 19290 ||| INVOKING Heroism.
 19326 | D:15     | Found a staircase to the Depths.
 19361 | D:15     | 19361 ||| Stepping ~*~*~tactically~*~*~ (stealth).
 19362 | D:15     | 19362 ||| INVOKING Heroism.
 19586 | D:15     | 19586 ||| PLANNING ORC
 19586 | D:15     | 19586 ||| UPGRADING to ring of Lube {MP+9 AC+4 Str+2
                  | Int+3}.
 19627 | D:15     | 19627 ||| DROPPING +4 ring of slaying {mikee}.
 19718 | Orc:1    | Entered Level 1 of the Orcish Mines
 20095 | Orc:2    | Entered Level 2 of the Orcish Mines
 20098 | Orc:2    | 20098 ||| INVOKING Heroism.
 20100 | Orc:2    | Found Xucydd's Antique Weapon Boutique.
 20173 | Orc:2    | 20173 ||| Stepping ~*~*~tactically~*~*~ (hiding).
 20179 | Orc:2    | 20179 ||| INVOKING Heroism.
 20198 | Orc:2    | 20198 ||| Stepping ~*~*~tactically~*~*~ (stealth).
 20205 | Orc:2    | Found Jaazaost's General Store.
 20230 | Orc:2    | 20230 ||| BUYING scroll of identify (30 gold).
 20230 | Orc:2    | Bought a scroll of identify for 30 gold pieces
 20265 | Orc:2    | Found a staircase to the Elven Halls.
 20323 | Orc:2    | 20323 ||| Stepping ~*~*~tactically~*~*~ (hiding).
 20324 | Orc:2    | 20324 ||| Stepping ~*~*~tactically~*~*~ (hiding).
 20325 | Orc:2    | 20325 ||| Stepping ~*~*~tactically~*~*~ (hiding).
 20326 | Orc:2    | 20326 ||| Stepping ~*~*~tactically~*~*~ (hiding).
 20331 | Orc:2    | 20331 ||| Stepping ~*~*~tactically~*~*~ (hiding).
 20334 | Orc:2    | 20334 ||| INVOKING Heroism.
 20381 | Orc:2    | 20381 ||| INVOKING Heroism.
 20506 | Orc:2    | Found Darugub's Book Shop.
 20541 | Orc:2    | Found Biaxeyr's Antique Armour Shoppe.
 20759 | Orc:2    | 20759 ||| PLANNING SPIDER:1-3
 20920 | Spider:1 | Entered Level 1 of the Spider Nest
 20921 | Spider:1 | 20921 ||| INVOKING Heroism.
 20938 | Spider:1 | Received a gift from Okawaru
 21017 | Spider:1 | 21017 ||| Stepping ~*~*~tactically~*~*~ (stealth).
 21018 | Spider:1 | 21018 ||| Stepping ~*~*~tactically~*~*~ (stealth).
 21227 | Spider:1 | Reached skill level 12 in Armour
 21329 | Spider:1 | Found a transporter.
 21332 | Spider:1 | Noticed Zosacw's ghost (adept HaHu)
 21352 | Spider:1 | Found a transporter.
 21562 | Spider:2 | Noticed Nikola
 21565 | Spider:2 | 21565 ||| INVOKING Heroism.
 21581 | Spider:2 | Killed Nikola
 21582 | Spider:2 | Reached skill level 3 in Dodging
 21582 | Spider:2 | HP: 1/101 [disintegration (47)]
 21583 | Spider:2 | 21583 ||| READING 8 scrolls of teleportation.
 21584 | Spider:2 | 21584 ||| DRINKING 3 potions of heal wounds.
 21585 | Spider:2 | 21585 ||| DRINKING 2 potions of heal wounds.
 21668 | Spider:2 | Received a gift from Okawaru
 21692 | Spider:2 | 21692 ||| Stepping ~*~*~tactically~*~*~ (stealth).
 21695 | Spider:2 | 21695 ||| Stepping ~*~*~tactically~*~*~ (hiding).
 21696 | Spider:2 | 21696 ||| Stepping ~*~*~tactically~*~*~ (hiding).
 21700 | Spider:2 | 21700 ||| INVOKING Heroism.
 21890 | Spider:2 | 21890 ||| INVOKING Heroism.
 21958 | Spider:2 | 21958 ||| Stepping ~*~*~tactically~*~*~ (stealth).
 21960 | Spider:2 | 21960 ||| Stepping ~*~*~tactically~*~*~ (hiding).
 21961 | Spider:2 | 21961 ||| INVOKING Heroism.
 21988 | Spider:2 | Received a gift from Okawaru
 22018 | Spider:2 | 22018 ||| INVOKING Heroism.
 22036 | Spider:2 | 22036 ||| Stepping ~*~*~tactically~*~*~ (hiding).
 22037 | Spider:2 | 22037 ||| Stepping ~*~*~tactically~*~*~ (hiding).
 22131 | Spider:2 | 22131 ||| INVOKING Heroism.
 22734 | Spider:2 | 22734 ||| READING scroll labelled MAGEHO EDERO.
 22773 | Spider:3 | 22773 ||| Stepping ~*~*~tactically~*~*~ (hiding).
 22774 | Spider:3 | 22774 ||| Stepping ~*~*~tactically~*~*~ (hiding).
 22780 | Spider:3 | 22780 ||| INVOKING Heroism.
 22788 | Spider:3 | Received a gift from Okawaru
 22793 | Spider:3 | 22793 ||| Stepping ~*~*~tactically~*~*~ (stealth).
 22794 | Spider:3 | 22794 ||| Stepping ~*~*~tactically~*~*~ (stealth).
 22843 | Spider:3 | 22843 ||| Stepping ~*~*~tactically~*~*~ (hiding).
 22854 | Spider:3 | Noticed Donald
 22855 | Spider:3 | 22855 ||| INVOKING Heroism.
 22859 | Spider:3 | Reached XP level 17. HP: 103/106 MP: 24/24
 22864 | Spider:3 | Killed Donald
 22889 | Spider:3 | 22889 ||| Stepping ~*~*~tactically~*~*~ (stealth).
 22979 | Spider:3 | 22979 ||| INVOKING Heroism.
 22984 | Spider:3 | 22984 ||| DRINKING 11 potions of curing.
 22984 | Spider:3 | 22984 ||| (to cure confusion)
 22994 | Spider:3 | Blown up by an orb spider

Levels and vault maps discovered:
D:1:      heliophobic_arrival_dark_side_of_the_moon, layout_basic,
          hangedman_decor_push
D:2:      layout_loops_cross
D:3:      layout_basic
D:4:      layout_loops_ring, cheibrodos_sewer_entry_bend, uniq_duvessa
D:5:      layout_basic, nicolae_shop_distant_corner_stores, minmay_crossroads
D:6:      layout_basic, mainiacjoe_overflow_brackets, uniq_edmund
D:7:      layout_loops_corners, mainiacjoe_overflow_concentric_impassable,
          mainiacjoe_overflow_surrounded_room, general_overflow_altar,
          gammafunk_temple_overflow_pools, nicolae_wu_jian_glorious_leap,
          minmay_temple_entry_glassed_door
D:8:      layout_rooms, nicolae_diode_intersection
D:9:      layout_irregular_city, okawaru_metal_pillars_1_2,
          lightli_bailey_entry_fortress, nicolae_shop_dragon_depot,
          chequers_serial_rivers_small_3, minmay_misc_feat_iff,
          grunt_decor_clamped
D:10:     layout_roguey, kennysheep_little_box, minivault_25, minivault_5,
          feat_on_display
D:11:     layout_loops_ring, minmay_lair_entry_grove,
          nicolae_trove_entry_columns, gammafunk_ghost_grave,
          minmay_misc_feat_four_crosses, minmay_pinched_square, uniq_maurice
D:12:     layout_basic, orc_david_3, gauntlet_entry_generic,
          kennysheep_pointless_box, hangedman_devilish_allure
D:13:     minmay_textured_paths, layout_cave_pools, david_vaults_1,
          lightli_church_of_beogh
D:14:     layout_big_octagon, gammafunk_ghost_split, serial_bayou_pond_e
D:15:     gammafunk_depths_entry_grave, layout_cave_pools, nrook_campfire,
          serial_shops, shop
Temple:   cyrus_circular_temple
Lair:1:   dragon1_lemuel, layout_concentric_octagons, st_stairs_9
Lair:2:   layout_regular_city, hellmonk_spider_entry_life_and_decay,
          pdpol_lair_cabin_in_the_woods, grunt_megastairs_5
Lair:3:   layout_big_grid, palyth_hydra_swamp_entry, uniq_prince_ribbit2
Lair:4:   layout_small_grid, slime_entry_2
Lair:5:   guppyfry_lair_end_dragon, layout_misc_corridors,
          nicolae_volcano_entry_s_turn, uniq_rupert
Spider:1: layout_spider_delve, gammafunk_ghost_mausoleum
Spider:2: layout_chambers, uniq_nikola
Spider:3: layout_chambers, uniq_donald
Orc:1:    layout_caves, basic_altar
Orc:2:    grunt_orc_gardens, layout_diamond_mine, grunt_orc_garden,
          grunt_orc_garden, grunt_orc_garden, grunt_orc_garden

Skill      XL: |  1  2  3  4  5  6  7  8  9 10 11 12 13 14 15 16 17 |
---------------+----------------------------------------------------+-----
Axes           | 2 3 4 5 6 7 8 9 11 12 14 15 16 17 | 17.0
Throwing       | 1 2 3 4 5 6 |  6.5
Fighting       | 4 6 7 8 9 10 12 | 12.6
Dodging        | 1 2 3 |  3.5
Armour         | 4 6 8 9 10 11 12 | 12.0
Shields        | 4 5 6 11 15 16 17 | 17.0
Invocations    | 2 4 8 10 | 10.0

Action                     |  1- 3 |  4- 6 |  7- 9 | 10-12 | 13-15 | 16-18 || total
---------------------------+-------+-------+-------+-------+-------+-------++-------
  Melee: War axe           |   109 |   140 |   365 |   207 |    59 |       ||   880
         Broad axe         |       |       |       |   182 |   670 |   574 ||  1426
  Throw: Javelin           |    15 |    22 |    40 |    42 |   191 |    75 ||   385
         Boomerang         |       |       |       |    32 |    40 |     4 ||    76
 Invoke: Heroism           |       |       |       |    17 |    27 |    16 ||    60
         Finesse           |       |       |       |     1 |    11 |       ||    12
    Use: Scroll            |     4 |     7 |     5 |    11 |     9 |     2 ||    38
         Potion            |     2 |     2 |     2 |     1 |     2 |     3 ||    12
   Stab: Confused          |       |       |       |       |     3 |       ||     3
         Petrifying        |       |       |       |       |     2 |       ||     2
         Petrified         |       |       |       |       |     3 |       ||     3
         Distracted        |       |       |       |       |     1 |       ||     1
 Armour: Scale mail        |    48 |     1 |       |       |       |       ||    49
         Ring mail         |       |    34 |       |       |       |       ||    34
         Chain mail        |       |    63 |   136 |       |       |       ||   199
         Plate armour      |       |       |   106 |   305 |   371 |   258 ||  1040
  Dodge: Dodged            |    42 |    64 |    95 |   210 |   288 |   246 ||   945
  Block: Buckler           |    24 |    30 |    69 |   105 |       |       ||   228
         Tower shield      |       |       |       |       |   739 |   587 ||  1326

Table legend:
 A = Non-vault XP
 B = Vault XP
 C = Vault XP percentage of total XP
 D = Non-vault monster count
 E = Vault monster count
 F = Vault count percentage of total count
                 A         B        C        D         E       F
            +---------+---------+-------+---------+---------+-------
      Total |  142070 |   51453 |  26.6 |     618 |     177 |  22.3
            +---------+---------+-------+---------+---------+-------
        D:1 |      34 |       0 |   0.0 |      18 |       0 |   0.0
        D:2 |      54 |       0 |   0.0 |      24 |       0 |   0.0
        D:3 |      44 |       0 |   0.0 |      11 |       0 |   0.0
        D:4 |     196 |     239 |  54.9 |      15 |       4 |  21.1
        D:5 |     669 |      35 |   5.0 |      10 |       1 |   9.1
        D:6 |     379 |     166 |  30.5 |      15 |       1 |   6.2
        D:7 |    1099 |       0 |   0.0 |      31 |       0 |   0.0
        D:8 |    2147 |       0 |   0.0 |      31 |       0 |   0.0
        D:9 |    1910 |      88 |   4.4 |      20 |      12 |  37.5
       D:10 |    1420 |       0 |   0.0 |      12 |       0 |   0.0
       D:11 |    5554 |   10410 |  65.2 |      19 |      29 |  60.4
       D:12 |    7859 |    3177 |  28.8 |      27 |      18 |  40.0
       D:13 |    9104 |    6016 |  39.8 |      18 |      11 |  37.9
       D:14 |   10016 |       0 |   0.0 |      28 |       0 |   0.0
       D:15 |   13979 |    3964 |  22.1 |      32 |       8 |  20.0
     Lair:1 |    6229 |    1495 |  19.4 |      23 |       3 |  11.5
     Lair:2 |    7545 |    2041 |  21.3 |      28 |      10 |  26.3
     Lair:3 |    8036 |    3268 |  28.9 |      22 |       7 |  24.1
     Lair:4 |    6861 |       0 |   0.0 |      23 |       0 |   0.0
     Lair:5 |   12190 |    2839 |  18.9 |      40 |      13 |  24.5
   Spider:1 |    7705 |       0 |   0.0 |      17 |       0 |   0.0
   Spider:2 |   20435 |    2434 |  10.6 |      42 |       1 |   2.3
   Spider:3 |   13702 |    1378 |   9.1 |      38 |       1 |   2.6
      Orc:1 |    2802 |       0 |   0.0 |      40 |       0 |   0.0
      Orc:2 |    2101 |    8998 |  81.1 |      34 |      27 |  44.3
      Sewer |       0 |     331 | 100.0 |       0 |      23 | 100.0
   Gauntlet |       0 |    4574 | 100.0 |       0 |       8 | 100.0
            +---------+---------+-------+---------+---------+-------
